 Dungeon Crawl Stone Soup version 0.31-a0-743-g45f7035092 (webtiles) character file.

Game seed: 6722402109601770415

6 cforsyth the Trooper (level 2, 0/25 HPs)
             Began as a Djinni Chaos Knight on Sept 13, 2023.
             Was a Plaything of Xom.
             Killed from afar by a raiju (shapeshifter) (3 damage)
             ... with a living lightning
             ... on level 1 of the Dungeon.
             The game lasted 00:00:15 (123 turns).

cforsyth the Trooper (Djinni Chaos Knight)           Turns: 123, Time: 00:00:16

Health: 0/25       AC:  5    Str: 11    XL:     2   Next: 0%
Gold:   0          EV: 11    Int: 13    God:    Xom [..*...] SH:  0 Dex: 12

rFire   + + .        a - +0 falchion (chaos)
rCold   x . .        (no shield)
rNeg    . . .        b - +2 leather armour
rPois   ∞            (no helmet)
rElec   .            (no cloak)
rCorr   .            (no gloves)
SInv    .            (boots unavailable)
Will    .....        (no amulet)
Stlth   +            (no ring)
HPRegen 0.24/turn    (no ring)
MPRegen 0.00/turn

%: infuse magic (-1 HP)
@: flying
A: sickness immunity, fire resistance 2, cold vulnerability 1, float, innate
caster, HP casting, extra vitality 1
a: Renounce Religion


You were on level 1 of the Dungeon.
You worshipped Xom.
You were a toy of Xom.
You visited 1 branch of the dungeon, and saw 1 of its levels.

Inventory:

Hand Weapons
 a - a +0 falchion of chaos (weapon)
Armour
 b - a +2 leather armour (worn)
Jewellery
 d - a ring of resist corrosion
Scrolls
 e - a scroll of enchant armour {unknown}
Potions
 f - a potion of resistance {unknown}


   Skills:
 + Level 3.1 Fighting
 - Level 2.6 Long Blades
 - Level 1.0 Armour
 - Level 2.1 Dodging
 + Level 0.4 Spellcasting
 + Level 0.4 Conjurations
 + Level 0.4 Hexes
   Level 0.0 Charms
 + Level 0.4 Summonings
 + Level 0.4 Necromancy
 + Level 0.4 Translocations
 + Level 0.4 Transmutations
 + Level 0.4 Fire Magic
 + Level 0.4 Ice Magic
 + Level 0.4 Air Magic
 + Level 0.4 Earth Magic
 + Level 0.4 Poison Magic You didn't know any spells. Your spell library was empty.

Dungeon Overview and Level Annotations

Branches:
Dungeon (1/15)

Altars:


Innate Abilities, Weirdness & Mutations

You are immune to sickness and miasma.
You are immune to poison.
Your flesh is very heat resistant. (rF++)
You are vulnerable to cold. (rC-)
You float through the air rather than walking.
You learn spells naturally, not from books.
Your magical power is your life essence.
You have superior vitality. (+4 MHP)


Message History

The shapeshifter changes into a raiju!
You hit the raiju but do no damage. The raiju barely misses you.
You barely miss the raiju.
The raiju bursts into living lightning!
The living lightning misses you.
The raiju blinks!
You miss the raiju.
The raiju bursts into living lightning!
The living lightning hits you!
The raiju blinks!
A raiju is nearby!
You hit the raiju.
The raiju is lightly wounded.
The raiju barely misses you.
You slash the raiju!
The raiju is moderately wounded.
The raiju bites you. The raiju shocks you!
* * * LOW HITPOINT WARNING * * *
The raiju misses you.
You are too injured to fight recklessly!
You are too injured to fight recklessly!
You are too injured to fight recklessly!
You are too injured to fight recklessly!
You are too injured to fight recklessly!
You are too injured to fight recklessly!
You are too injured to fight recklessly!
You are too injured to fight recklessly!
You aren't carrying any items that you can evoke.
As you read the scroll of butterflies, it crumbles to dust.
You hear the flapping of tiny wings.
The raiju is knocked back by the sudden gust.
You swap places.
The raiju bursts into living lightning!
The living lightning hits your butterfly!
Your butterfly dies!
Your butterfly disappears in a burst of colours!
The living lightning hits your butterfly!
Your butterfly dies!
Your butterfly disappears in a burst of colours!
The living lightning hits you.
You die...
Xom is highly amused! ## #. # #. #.####b### #....hbb.## # #bbb.bbb##.# #b.bbbbb#

#b#@b##b#
#.bb).bb#
#bb.b##b# #
#b##.# #
#.##b##.#
##.#...#.##.#
+...........#
####...######
##.##


You could see a raiju shaped shifter (ally target).

Vanquished Creatures
  A dart slug (D:1)
  A goblin (D:1)
  A hobgoblin (D:1)
  A bat (D:1)
4 creatures vanquished.

Notes
Turn   | Place    | Note
-------+----------+-------------------------------------------
     0 | D:1      | cforsyth the Djinni Chaos Knight began the quest for the
                  | Orb.
     0 | D:1      | Reached XP level 1. HP: 20/20 MP: 0/0
    11 | D:1      | XOM: potion effect (attraction)
    66 | D:1      | XOM: divination: detect items
    98 | D:1      | Reached XP level 2. HP: 22/25 MP: 0/0
   115 | D:1      | a giant cockroach changed into a shapeshifter
   115 | D:1      | Noticed a shapeshifter (shapeshifter)
   115 | D:1      | a shapeshifter changed into a raiju
   115 | D:1      | Noticed a raiju (shapeshifter)
   123 | D:1      | Killed from afar by a raiju (shapeshifter)

Illustrated notes

Levels and vault maps discovered:
D:1:      onia_arrival_mini_spirals, layout_loops_corners

Action                     || total
---------------------------++-------
  Melee: Falchion          ||    19
    Use: Scroll            ||     1
 Armour: Leather armour    ||    19
  Dodge: Dodged            ||    16

Table legend: (Time is in decaauts)
 A = Elapsed time spent in this place.
 B = Non-inter-level travel time spent in this place.
 C = Inter-level travel time spent in this place.
 D = Time resting spent in this place.
 E = Time spent auto-exploring this place.
 F = Levels seen in this place.
 G = Mean time per level.
                   A        B        C        D        E       F      G
               +--------+--------+--------+--------+--------+-----+--------+
         Total |    126 |    126 |      0 |      0 |     86 |   1 |  126.0 |
       Dungeon |    126 |    126 |      0 |      0 |     86 |   1 |  126.0 |
               +--------+--------+--------+--------+--------+-----+--------+

Top non-repeatable levels by time:
     D:1: 126 daAuts
